 Dungeon Crawl Stone Soup version 0.18-a0-946-g3ac5b32 (webtiles) character file.

2912 filipzpl the Cleaver (level 9, 0/86 HPs)
             Began as a Minotaur Fighter on Dec 29, 2015.
             Was a Priest of Okawaru.
             Hit by a javelin of returning thrown by a centaur (13 damage)
             ... in a bailey.
             The game lasted 00:19:18 (8049 turns).

filipzpl the Cleaver (Minotaur Fighter)             Turns: 8049, Time: 00:19:18

Health: 0/86       AC:  9    Str: 24    XL:     9   Next: 49%
Magic:  9/10       EV: 12    Int:  5    God:    Okawaru [***...]
Gold:   389        SH:  8    Dex: 10    Spells: 0 memorised, 8 levels left

rFire  . . .     SeeInvis .     a - +1 war axe
rCold  + . .     Gourm    .     b - +0 scale mail
rNeg   . . .     Faith    .     G - +3 buckler
rPois  .         Spirit   .     (helmet restricted)
rElec  .         Dismiss  .     C - +0 cloak
rCorr  .         Reflect  .     (no gloves)
SustAt .         Harm     +     (no boots)
MR     .....                    A - amulet of harm
Stlth  +.........               s - ring of flight
                                r - ring of protection from cold

@: heroism, not resistant to hostile enchantments, very unstealthy
A: retaliatory headbutt, horns 2
a: Heroism, Renounce Religion, Evoke Flight


You were in a bailey.
You worshipped Okawaru.
Okawaru was most pleased with you.
You were not hungry.

You visited 2 branches of the dungeon, and saw 10 of its levels.
You also visited: Bailey.

You collected 389 gold pieces.

Inventory:

Hand Weapons
 a - a +1 war axe (weapon)
Armour
 b - a +0 scale mail (worn)
 C - a +0 cloak (worn)
 G - a +3 buckler (worn)
Jewellery
 c - an uncursed ring of protection from magic {unknown}
 r - a ring of protection from cold (left hand)
 s - a ring of flight (right hand)
 w - an uncursed ring of stealth {unknown}
 A - an amulet of harm (around neck)
 I - an uncursed amulet of resist corrosion {unknown}
Wands
 j - a wand of polymorph (10/24)
 x - a wand of flame (26/48)
 y - a wand of random effects (45/48)
Scrolls
 E - a scroll of teleportation
 H - a scroll of remove curse
Potions
 d - 2 potions of might
 e - a potion of curing {unknown}
 h - a potion of experience {unknown}
 l - 3 potions of resistance {unknown}
 m - a potion of cure mutation {unknown}
 n - 3 potions of magic {unknown}
 p - a potion of flight {unknown}
 q - 2 potions of invisibility {unknown}
 t - a potion of degeneration {unknown}
 v - 2 potions of poison {unknown}
 z - a potion of cancellation {unknown}
 B - a potion of brilliance {unknown}
 D - a potion of berserk rage {unknown}
 F - a potion of haste {unknown}
Comestibles
 f - 10 bread rations
 g - 5 fruits
 i - 2 meat rations
 u - 2 beef jerkies


   Skills:
 * Level 10.8(15.8) Fighting
 * Level 11.1(16.1) Axes
 - Level 3.6(8.6) Armour
 - Level 3.6(8.6) Shields
 + Level 3.4 Invocations


You had 8 spell levels left.
You didn't know any spells.

Dungeon Overview and Level Annotations

Branches:
Dungeon (9/15)             Temple (1/1) D:5
   Lair: D:8-11         Orc: D:9-12

Altars:
Ashenzari
Cheibriados
Dithmenos
Gozag
Kikubaaqudgha
Makhleb
Nemelex Xobeh
Okawaru
Pakellas
Ru
Sif Muna
Vehumet
Xom
The Shining One

Shops:
D:5 ?   D:8 (


Innate Abilities, Weirdness & Mutations

You reflexively headbutt those who attack you in melee.
You have a pair of horns on your head.


Message History

The javelin of returning hits you.
* * * LOW HITPOINT WARNING * * *
The weapon returns to the centaur!
You see here a javelin of returning.
The centaur throws a javelin of returning.
The javelin of returning hits you.
* * * LOW HITPOINT WARNING * * *
The weapon returns to the centaur!
The centaur throws a javelin of returning.
The javelin of returning hits you!
* * * LOW HITPOINT WARNING * * *
The centaur throws a javelin of returning.
The javelin of returning closely misses you.
The weapon returns to the centaur!
You see here 2 javelins of returning.
An orc comes into view. It is wielding a trident.
The orc shouts!
The centaur throws a javelin of returning.
The javelin of returning hits you!
You die...

##≈≈≈$$$≈≈≈##
####≈≈⌠$.$.$⌠≈≈###
#≈≈≈≈...oc....≈≈≈≈
#.....o≈≈≈≈≈......
.#...oo≈≈(..≈≈.....
.'..≈.≈≈(≈(≈.≈≈.≈..
#.≈≈o≈.≈≈.≈≈.≈.≈≈.
#.≈.≈≈.≈.(.≈.≈≈.≈.
#.≈.≈.≈≈.@.≈≈.≈.≈.
#.≈.≈.≈.⌠∩⌠.≈c≈.≈.
#.≈.≈.≈..∩..≈.≈.≈.
#.≈.≈.≈.⌠∩⌠.≈.≈.≈.
#.≈.≈.≈≈...≈≈.≈.≈.
#.≈.≈≈.≈...≈.≈≈.≈.
≈≈.≈.≈≈≈≈≈.≈.≈≈.
.≈.≈≈.oo..≈≈.≈.#
.≈≈.≈≈≈.≈≈≈.≈≈.


You could see 2 centaurs and 7 orcs.

Vanquished Creatures
  A spriggan (D:7)
  Eustachio (D:6)
  A hungry ghost (D:8)
  2 hippogriffs (D:7)
  Menkaure (D:7)
  An ice beast (D:5)
  2 ogres
  An orc warrior (D:6)
  A giant frog (D:6)
  A wyvern zombie (D:8)
  2 scorpions
  4 killer bees (D:8)
  3 crimson imps
  A giant frog skeleton (D:6)
  A quasit (D:7)
  7 orc priests
  A giant frog zombie (D:5)
  2 hounds
  12 orc wizards
  An iguana (D:7)
  Natasha (thrice) (D:2)
  4 worker ants
  A hound skeleton (D:7)
  A hound zombie (D:5)
  A worker ant zombie (D:5)
  8 gnolls (D:2)
  11 adders
  An adder skeleton (D:4)
  3 worms
  33 orcs
  3 giant cockroaches
  15 goblins
  8 hobgoblins
  16 jackals
  2 kobolds (D:1)
  5 quokkas
  2 bats
  9 giant geckos
  5 giant newts
  A quokka zombie (D:5)
  12 rats
190 creatures vanquished.

Vanquished Creatures (others)
  A worker ant (D:5)
  An orc (D:5)
2 creatures vanquished.

Grand Total: 192 creatures vanquished

Notes
Turn   | Place    | Note
--------------------------------------------------------------
     0 | D:1      | filipzpl the Minotaur Fighter began the quest for the Orb.
     0 | D:1      | Reached XP level 1. HP: 19/19 MP: 0/0
   277 | D:1      | Reached XP level 2. HP: 27/27 MP: 1/1
   702 | D:2      | Reached skill level 4 in Fighting
   708 | D:2      | Reached XP level 3. HP: 15/33 MP: 2/2
   721 | D:2      | Reached XP level 4. HP: 3/41 MP: 3/3
  1063 | D:2      | Noticed Natasha
  1072 | D:2      | Reached skill level 5 in Fighting
  1078 | D:2      | Killed Natasha
  1152 | D:2      | Noticed Natasha
  1160 | D:2      | Killed Natasha
  1160 | D:2      | Reached skill level 5 in Axes
  1160 | D:2      | Reached XP level 5. HP: 42/48 MP: 4/4
  1572 | D:2      | Noticed Natasha
  1579 | D:2      | Killed Natasha
  1579 | D:2      | Reached skill level 6 in Fighting
  1888 | D:3      | Reached XP level 6. HP: 35/57 MP: 5/5
  2704 | D:4      | Found a shattered altar of Ashenzari.
  2704 | D:4      | Found an opulent altar of Gozag.
  2707 | D:4      | Found a radiant altar of Vehumet.
  2785 | D:4      | Found a deep blue altar of Sif Muna.
  2961 | D:4      | Reached skill level 7 in Fighting
  3024 | D:4      | Reached XP level 7. HP: 66/66 MP: 6/6
  3208 | D:5      | Entered Level 5 of the Dungeon
  3214 | D:5      | Found a shimmering altar of Xom.
  3360 | D:5      | Found a staircase to the Ecumenical Temple.
  3362 | D:5      | Found a sacrificial altar of Ru.
  3369 | Temple   | Entered the Ecumenical Temple
  3377 | Temple   | Became a worshipper of Warmaster Okawaru
  3429 | D:5      | Found Utem Yqi's Magic Scroll Shoppe.
  3604 | D:5      | Found a burning altar of Makhleb.
  3606 | D:5      | Reached skill level 8 in Fighting
  4311 | D:6      | Noticed Eustachio
  4323 | D:6      | Killed Eustachio
  4323 | D:6      | Reached * piety under Okawaru
  4323 | D:6      | Reached XP level 8. HP: 55/75 MP: 7/7
  5075 | D:6      | Found an oddly glowing altar of Pakellas.
  5228 | D:6      | Reached skill level 9 in Axes
  5490 | D:6      | Found a glowing golden altar of the Shining One.
  5738 | D:7      | Reached skill level 1 in Invocations
  5764 | D:7      | Found a glowing golden altar of the Shining One.
  5790 | D:7      | Found an ancient bone altar of Kikubaaqudgha.
  5807 | D:7      | Reached ** piety under Okawaru
  5914 | D:7      | Reached skill level 10 in Axes
  6002 | D:7      | Noticed Menkaure
  6003 | D:7      | Reached skill level 10 in Fighting
  6008 | D:7      | Killed Menkaure
  6265 | D:7      | Reached XP level 9. HP: 85/85 MP: 9/9
  6557 | D:7      | Found a sparkling altar of Nemelex Xobeh.
  6927 | D:8      | Found Dualausuh's Antique Weapon Shoppe.
  6992 | D:8      | Reached *** piety under Okawaru
  7586 | D:8      | Reached skill level 11 in Axes
  7643 | D:8      | Found a snail-covered altar of Cheibriados.
  8022 | D:9      | Found a flagged portal.
  8032 | Bailey   | Entered a bailey
  8049 | Bailey   | Hit by a javelin of returning thrown by a centaur

Vault maps used:
D:1:      dpeg_arrival_castle
D:2:      first_bread, minmay_vboxes, uniq_natasha
D:3:      corexii_leaking_fountain
D:4:      led_sif_book, gammafunk_temple_overflow_claw, serial_forest,
          infiniplex_forest_straight_5, infiniplex_forest_clump_diagonal,
          infiniplex_forest_zigzag_1, infiniplex_forest_end_2,
          nrook_mini_backslash
D:5:      nicolae_ru_awakened_eye, minmay_temple_entry_trees, basic_altar,
          serial_shops, kennysheep_mini_moat, xom_confusion_cloud
D:6:      overflow_temple_1_default, kennysheep_little_box, lemuel_doored_altar,
          uniq_eustachio
D:7:      kiku_gazebo_pond_becter, lemuel_coloured_pillars_altar, basic_altar,
          the_bakery, uniq_menkaure
D:8:      kennysheep_mini, serial_shops, shop
D:9:      enter_bailey_2
Temple:   dpeg_three_leaves_temple_9
Bailey:   bailey_polearm_flooded_kennysheep, bailey

Action                   |  1- 3 |  4- 6 |  7- 9 || total
-------------------------+-------+-------+-------++-------
Melee: War axe           |    62 |   165 |   233 ||   460
Invok: Heroism           |       |       |     1 ||     1
  Use: Scroll            |       |    10 |     5 ||    15
       Potion            |       |       |     1 ||     1
  Eat: Chunk             |       |     6 |     7 ||    13
       Meat ration       |       |       |     1 ||     1
       Bread ration      |       |       |     1 ||     1
       Pizza             |       |       |     1 ||     1
